 Dungeon Crawl Stone Soup version 0.29-a0-275-g389c0b56f3 (webtiles) character file.

Game seed: 2146555232994205863

1691 shoop the Gouger (level 8, 0/40 HPs)
             Began as a Felid Cinder Acolyte on Mar 9, 2022.
             Was a Priest of Ignis.
             Slain by Fannar
             ... wielding a staff of cold
              (3 damage)
             ... while petrified by a basilisk
             ... on level 1 of the Lair of Beasts.
             The game lasted 00:35:01 (16627 turns).

shoop the Gouger (Felid Cinder Acolyte)            Turns: 16627, Time: 00:35:02

Health: 0/40       AC:  2    Str: 10    XL:     8   Next: 72%
Magic:  12/12      EV:  4    Int: 17    God:    Ignis [***...]
Gold:   187        SH:  0    Dex: 15    Spells: 9/11 levels left
                                        Lives:  0   Deaths: 2

rFire   + . .      SeeInvis +     - Unarmed
rCold   . . .      Faith    .   (shield unavailable)
rNeg    + + +      Spirit   .   (body armour unavailable)
rPois   ∞          Reflect  +   (helmet unavailable)
rElec   .          Harm     .   (cloak unavailable)
rCorr   .          Rampage  .   (gloves unavailable)
Will    +....                   (boots unavailable)
Stlth   ++++......              u - amulet of reflection
HPRegen 0.13/turn               g - ring of poison resistance
MPRegen 0.13/turn               t - +4 ring of evasion

@: petrified, quick
A: very small, claws 1, fangs 3, see invisible, speed 1, shaggy fur 2, stealthy
paws, no weapons or thrown items, no armour, multi-lived
a: Renounce Religion, Fiery Armour, Foxfire Swarm, Rising Flame


You were on level 1 of the Lair of Beasts.
You worshipped Ignis.
Ignis was most pleased with you.
You visited 2 branches of the dungeon, and saw 12 of its levels.

You collected 667 gold pieces.
You spent 480 gold pieces at shops.

Inventory:

Jewellery
 g - a ring of poison resistance (left paw)
 k - a ring of wizardry
 t - a +4 ring of evasion (right paw)
 u - an amulet of reflection (around neck)
 x - a ring of fire
 D - a ring of wizardry
 F - a ring of resist corrosion
 H - a ring of willpower
Wands
 e - a wand of acid (11)
 n - a wand of iceblast (5)
 w - a wand of digging (4)
Scrolls
 b - 3 scrolls of enchant armour {unknown}
 c - 2 scrolls of amnesia {unknown}
 i - 2 scrolls of vulnerability
 o - 3 scrolls of teleportation {unknown}
 p - a scroll of silence
 q - 2 scrolls of enchant weapon
 r - 3 scrolls of noise {unknown}
 s - 2 scrolls of immolation {unknown}
 v - 4 scrolls of blinking {unknown}
 G - a scroll of fear {unknown}
Potions
 a - a potion of haste
 d - 3 potions of flight
 f - 2 potions of degeneration {unknown}
 h - 3 potions of might
 j - 4 potions of heal wounds
 l - 3 potions of mutation {unknown}
 m - 4 potions of invisibility
 z - a potion of curing
 A - a potion of berserk rage
 B - a potion of attraction
 C - 2 potions of cancellation
Miscellaneous
 y - a condenser vane
 E - a phial of floods


   Skills:
 + Level 7.2 Fighting
 + Level 9.4 Dodging
 + Level 9.7 Stealth
 * Level 10.5 Unarmed Combat
 - Level 2.0 Spellcasting
 - Level 3.0 Fire Magic
 + Level 3.7 Evocations


You had 9 spell levels left.
You knew the following spells:

 Your Spells              Type           Power      Damage    Failure   Level
a - Scorch                Fire           22%        2d6       9%          2

Your spell library contained the following spells:

 Spells                   Type           Power      Damage    Failure   Level
 Magic Dart               Conj           4%         1d3       19%         1
 Call Imp                 Summ           1%         N/A       28%         2
 Corpse Rot               Necr/Air       2%         N/A       28%         2
 Poisonous Vapours        Pois/Air       2%         N/A       28%         2
 Mephitic Cloud           Conj/Pois/Air  1%         N/A       50%         3
 Dispel Undead            Necr           1%         3d6       88%         4
 Death Channel            Necr           0%         N/A       100%        6


Dungeon Overview and Level Annotations

Branches:
Dungeon (11/15)            Temple (0/1) D:5            Lair (1/6) D:8
    Orc: D:9-12

Altars:
Dithmenos
Elyvilon
Gozag
Hepliaklqana
Makhleb
Nemelex Xobeh
Ru
Vehumet
Xom

Shops:
D:8 !

Annotations:
D:11 exclusions: hydra and 2 wolves, Grum
Lair:1 Fannar


Innate Abilities, Weirdness & Mutations

You have sharp claws.
You have razor-sharp teeth.
You have supernaturally acute eyesight. (SInv)
You cover ground quickly. (Speed+)
You are covered in thick fur. (AC +2)
Your paws help you pounce on unaware monsters.
You are incapable of wielding weapons or throwing items.
You cannot wear armour.
You gain extra lives every three experience levels.


Message History

The basilisk gazes at you.
You easily resist.
The water moccasin completely misses you.
You miss Fannar. You claw Fannar! You bite Fannar, but do no damage.
Fannar is lightly wounded.
The basilisk gazes at you.
You easily resist.
Fannar completely misses you.
The water moccasin completely misses you.
You miss Fannar. Your claw misses Fannar.
Fannar is lightly wounded.
You block the water moccasin's attack. The basilisk gazes at you.
You are slowing down.
Fannar hits you with a staff of cold. Fannar freezes you.
Unknown command.
You scratch Fannar but do no damage.
Fannar is lightly wounded.
The water moccasin misses you. You block Fannar's attack.
The water moccasin barely misses you.
Your limbs are stiffening.
The yak bellows!
You scratch Fannar.
Fannar is lightly wounded.
You hear a bellow!
The water moccasin closely misses you. Fannar hits you with a staff of cold.
You have turned to stone.
The water moccasin bites you. The basilisk gazes at you.
Fannar hits you but does no damage. Fannar freezes you!
The water moccasin bites you.
The water moccasin bites you but does no damage.
The basilisk gazes at you. Fannar hits you with a staff of cold!
Fannar freezes you!
* * * LOW HITPOINT WARNING * * *
The water moccasin bites you. Fannar hits you but does no damage.
Fannar freezes you.
* * * LOW HITPOINT WARNING * * *
The water moccasin bites you.
* * * LOW HITPOINT WARNING * * *
Fannar hits you with a staff of cold!
You die...

###########
#.........#
#.........#
#.........#
#.........##
#..e.......#
#..@S.....##
#..........#
#....Y.....##
#......l$...#
##.........##
#..)......#
#.........#
##........#
#.......P#


You could see Fannar, a yak, a basilisk and a water moccasin.

Vanquished Creatures
  A hornet (D:8)
  A polar bear (Lair:1)
  A wyvern (D:10)
  3 yaks (D:8)
  A basilisk (Lair:1)
  3 steam dragons
  2 ice beasts
  2 sky beasts (D:7)
  5 orc warriors
  8 black bears
  4 centaurs
  2 phantoms
  3 kobold brigands
  3 bullfrogs
  2 gnoll sergeants
  A necrophage (D:6)
  A scorpion (D:4)
  5 wights (D:7)
  8 killer bees
  6 electric eels (D:8)
  2 howler monkeys
  A crimson imp (D:8)
  5 orc priests
  7 hounds
  3 jellies
  2 iguanas (D:5)
  8 orc wizards
  11 gnolls
  11 adders
  3 white imps
  A worm (D:2)
  5 dart slugs
  36 orcs
  7 ball pythons
  6 bats
  10 endoplasms
  6 giant cockroaches
  7 goblins
  7 hobgoblins
  7 jackals
  A quokka (D:1)
  A frilled lizard (D:1)
  17 kobolds
  6 rats
232 creatures vanquished.

Vanquished Creatures (others)
  55 foxfires
  34 fungi
  70 plants (D:8)
159 creatures vanquished.

Grand Total: 391 creatures vanquished

Notes
Turn   | Place    | Note
-------+----------+-------------------------------------------
     0 | D:1      | shoop the Felid Cinder Acolyte began the quest for the Orb.
     0 | D:1      | Reached XP level 1. HP: 10/10 MP: 3/3
    22 | D:1      | Reached skill level 1 in Stealth
   228 | D:1      | Reached skill level 1 in Dodging
   228 | D:1      | Reached XP level 2. HP: 14/14 MP: 4/4
   427 | D:1      | Learned a level 2 spell: Scorch
   718 | D:1      | Reached XP level 3. HP: 17/17 MP: 0/6
  1912 | D:2      | Found a faded altar of an unknown god.
  2310 | D:2      | Reached XP level 4. HP: 14/21 MP: 5/8
  2320 | D:2      | Reached skill level 4 in Unarmed Combat
  2892 | D:3      | Reached XP level 5. HP: 16/24 MP: 2/9
  3617 | D:3      | Found a sparkling altar of Nemelex Xobeh.
  3758 | D:4      | Reached skill level 1 in Evocations
  3990 | D:4      | Noticed a black bear
  4010 | D:4      | HP: 1/24 [black bear (2)]
  4011 | D:4      | Killed a black bear
  4012 | D:4      | Reached skill level 5 in Unarmed Combat
  4012 | D:4      | Gained mutation: You are covered in thick fur. (AC +2)
                  | [Felid growth]
  4012 | D:4      | Reached XP level 6. HP: 2/28 MP: 2/10
  5083 | D:5      | Entered Level 5 of the Dungeon
  5215 | D:5      | Reached XP level 7. HP: 27/31 MP: 4/11
  5568 | D:5      | Noticed a two-headed ogre
  5927 | D:5      | Found a staircase to the Ecumenical Temple.
  5943 | D:5      | Reached skill level 5 in Dodging
  5943 | D:5      | Reached skill level 6 in Unarmed Combat
  6622 | D:5      | Reached XP level 8. HP: 36/36 MP: 9/12
  6683 | D:5      | Found a radiant altar of Vehumet.
  7011 | D:6      | Reached skill level 5 in Stealth
  8205 | D:6      | Reached skill level 7 in Unarmed Combat
  9563 | D:7      | Reached skill level 5 in Fighting
  9706 | D:7      | Found a shadowy altar of Dithmenos.
  9853 | D:7      | You fall into a shaft and drop 1 floor!
  9854 | D:8      | Noticed a hornet
  9872 | D:8      | Killed a hornet
  9873 | D:8      | Reached skill level 8 in Unarmed Combat
  9873 | D:8      | Reached XP level 9. HP: 26/40 MP: 1/13
  9906 | D:7      | Found a sacrificial altar of Ru.
 10192 | D:7      | Identified the +3 trident of Puwnolur {vorpal, Int+3}
 11761 | D:8      | Reached skill level 9 in Unarmed Combat
 12632 | D:8      | Found Xishrywao's Distillery.
 12639 | D:8      | Bought a potion of berserk rage for 75 gold pieces
 12639 | D:8      | Bought a potion of heal wounds for 75 gold pieces
 13179 | D:8      | Found a burning altar of Makhleb.
 13179 | D:8      | Found a shimmering altar of Xom.
 13255 | D:8      | Reached XP level 10. HP: 46/46 MP: 7/14
 14257 | D:8      | Found a staircase to the Lair.
 14531 | D:8      | Bought a potion of attraction for 45 gold pieces
 14531 | D:8      | Bought a potion of cancellation for 120 gold pieces
 14531 | D:8      | Bought a potion of invisibility for 120 gold pieces
 14531 | D:8      | Bought a potion of flight for 45 gold pieces
 14562 | D:8      | Reached skill level 10 in Unarmed Combat
 14864 | D:9      | Found a white marble altar of Elyvilon.
 14864 | D:9      | Found an opulent altar of Gozag.
 14864 | D:9      | Found a hazy altar of Hepliaklqana.
 15501 | D:10     | Entered Level 10 of the Dungeon
 16310 | D:11     | Noticed a seven-headed hydra
 16367 | D:11     | Noticed Grum
 16544 | Lair:1   | Entered Level 1 of the Lair of Beasts
 16572 | Lair:1   | Mangled by a polar bear
 16573 | Lair:1   | Reached XP level 9. HP: -10/43 MP: 2/13
 16591 | Lair:1   | Killed a polar bear
 16601 | Lair:1   | Noticed a cane toad
 16611 | Lair:1   | Slain by a cane toad
 16612 | Lair:1   | Reached XP level 8. HP: -4/40 MP: 12/12
 16612 | Lair:1   | Noticed Fannar
 16627 | Lair:1   | Slain by Fannar

Illustrated notes

Levels and vault maps discovered:
D:1:      mainiacjoe_arrival_reflecting_pool, layout_loops_cross, hex_tiny,
          minivault_5, serial_park_tiny_2, dreamdust_mushroom_princess,
          dreamdust_princess_bridge, minmay_split_cup_large
D:2:      layout_rooms, shapermc_ecumenical_altar_venn, chequers_garden
D:3:      layout_basic, general_overflow_altar
D:4:      layout_gridville, chequers_serial_rivers_room_a
D:5:      layout_rooms, vehumet_crystals, minmay_temple_entry_arrows,
          minmay_misc_feat_tiny
D:6:      layout_basic, chequers_serial_rivers_micro_a, hangedman_decor_opposing
D:7:      layout_loops_ring, hangedman_ru_absence, grunt_dithmenos_shadows
D:8:      layout_rooms, grunt_temple_overflow_champion_of_chaos,
          grunt_lair_entry_orc_guard_hut, serial_bayou, serial_bayou_lake_a,
          serial_bayou_crossing, serial_bayou_shore_a, serial_bayou_lagoon_a,
          enter_bailey_1, serial_shops, nicolae_shop_trees,
          hangedman_abyss_or_decor_jellyfish_corner
D:9:      layout_big_octagon, gammafunk_temple_overflow_forgotten,
          eino_tiny_chamber
D:10:     layout_loops_ring
D:11:     nzn_winding_woodlands_small [nzn_winding_woodlands_5x15_lazy_stream,
          nzn_winding_woodlands_center_triple_pond,
          nzn_winding_woodlands_5x15_sawtooth], layout_basic,
          gammafunk_ghost_hive, uniq_grum
Lair:1:   layout_hall_layers, uniq_fannar

Skill      XL: |  1  2  3  4  5  6  7  8  9 10 |
---------------+-------------------------------+-----
Stealth        | 2 3 4 6 8 9 |  9.7
Dodging        | 1 2 4 5 6 8 9 |  9.4
Fire Magic     | 3 |  3.0
Spellcasting   | 2 |  2.0
Unarmed Combat | 4 5 6 8 9 10 | 10.5
Evocations     | 2 3 |  3.7
Fighting       | 4 5 6 7 |  7.2

Action                   |  1- 3 |  4- 6 |  7- 9 | 10-12 || total
-------------------------+-------+-------+-------+-------++-------
Melee: Unarmed           |    99 |    53 |   113 |    93 ||   358
       Bite              |     8 |     4 |     6 |    13 ||    31
       Punch             |     2 |     1 |     9 |     5 ||    17
 Cast: Scorch            |    20 |    43 |   228 |    49 ||   340
Invok: Foxfire Swarm     |       |       |     4 |       ||     4
Evoke: Wand              |       |     1 |     1 |       ||     2
  Use: Scroll            |       |       |     6 |     1 ||     7
       Potion            |       |       |     1 |       ||     1
 Stab: Sleeping          |     5 |     2 |     3 |     6 ||    16
Armor: Skin              |    10 |     5 |     9 |     2 ||    26
Dodge: Dodged            |    68 |    59 |   181 |    94 ||   402
Block: Other             |       |       |    45 |    22 ||    67
       Reflection        |       |       |     5 |     1 ||     6

Table legend: (Time is in decaauts)
 A = Elapsed time spent in this place.
 B = Non-inter-level travel time spent in this place.
 C = Inter-level travel time spent in this place.
 D = Time resting spent in this place.
 E = Time spent auto-exploring this place.
 F = Levels seen in this place.
 G = Mean time per level.
                   A        B        C        D        E       F      G
               +--------+--------+--------+--------+--------+-----+--------+
         Total |  15178 |  14589 |    589 |   2788 |   9367 |  12 | 1264.8 |
       Dungeon |  15105 |  14517 |    588 |   2788 |   9367 |  11 | 1373.2 |
          Lair |     72 |     72 |      0 |      0 |      0 |   1 |   72.0 |
               +--------+--------+--------+--------+--------+-----+--------+

Top non-repeatable levels by time:
     D:8: 2884 daAuts
     D:6: 2296 daAuts
     D:7: 2116 daAuts
     D:4: 1651 daAuts
     D:1: 1650 daAuts
     D:5: 1131 daAuts
     D:2: 922 daAuts
     D:9: 807 daAuts
     D:3: 794 daAuts
    D:10: 747 daAuts
    D:11: 102 daAuts
  Lair:1: 72 daAuts
